 Dungeon Crawl Stone Soup version 0.30.1-9-gdf580d7c3d (webtiles) character file.

Game seed: 7384232832596229209

111 lonewolfV2 the Trooper (level 4, 0/37 HPs)
             Began as a Demonspawn Chaos Knight on Oct 24, 2023.
             Was a Plaything of Xom.
             Slain by a gnoll
             ... wielding a +0 halberd
              (8 damage)
             ... on level 3 of the Dungeon.
             The game lasted 00:04:02 (2255 turns).

lonewolfV2 the Trooper (Demonspawn Chaos Knight)    Turns: 2255, Time: 00:04:02

Health: 0/37       AC:  6    Str: 14    XL:     4   Next: 62%
Magic:  4/4        EV: 12    Int: 13    God:    Xom [...*..]
Gold:   126        SH:  4    Dex: 13    Spells: 3/3 levels left

rFire   . . .        a - +0 hand axe (chaos)
rCold   . . .        (no shield)
rNeg    . . .        b - +2 leather armour
rPois   .            (no helmet)
rElec   .            (no cloak)
rCorr   .            e - +0 pair of gloves
SInv    .            (no boots)
Will    .....        p - amulet of magic regeneration
Stlth   +            (no ring)
HPRegen 0.26/turn    (no ring)
MPRegen 0.49/turn

%: no passive effects
@: mighty
A: condensation shield
a: Renounce Religion


You were on level 3 of the Dungeon.
You worshipped Xom.
You were a favourite toy of Xom.
You visited 1 branch of the dungeon, and saw 3 of its levels.

You collected 126 gold pieces.

Inventory:

Hand Weapons
 a - a +0 hand axe of chaos (weapon)
Missiles
 i - 3 curare-tipped darts
Armour
 b - a +2 leather armour (worn)
 e - a +0 pair of gloves (worn)
Jewellery
 p - an amulet of magic regeneration (around neck)
Scrolls
 j - 2 scrolls of vulnerability {unknown}
 l - 3 scrolls of identify
 m - a scroll of teleportation
Potions
 d - 2 potions of lignification
 f - a potion of might
 g - a potion of magic
 h - a potion of haste
 k - a potion of heal wounds {unknown}
 n - a potion of curing {unknown}
 o - a potion of cancellation {unknown}
 q - a potion of berserk rage {unknown}
 r - a potion of invisibility {unknown}
Miscellaneous
 c - a piece from Xom's chessboard (15/15) (quivered)


   Skills:
 + Level 3.7 Fighting
 + Level 3.3 Axes
 + Level 2.6 Armour
 + Level 2.1 Dodging


You had 3 spell levels left.
You didn't know any spells.
Your spell library contained the following spells:

 Spells                   Type           Power      Damage    Failure   Level
 Magic Dart               Conj           0%         1d3       36%         1
 Searing Ray              Conj           0%         2d4       50%         2
 Fulminant Prism          Conj/Hex       0%         3d5       98%         4


Dungeon Overview and Level Annotations

Branches:
Dungeon (3/15)

Altars:
Kikubaaqudgha


Innate Abilities, Weirdness & Mutations

A meltable shield of frost defends you. (SH +4)


Message History

A gnoll comes into view. It is wielding a +0 halberd.
The gnoll shouts!
You block the gnoll's attack. The gnoll hits you but does no damage.
The gnoll completely misses you. The gnoll hits you with a +0 spear.
The gnoll hits you from afar with a +0 spear.
You hit the gnoll but do no damage.
The gnoll seems to grow stronger.
The gnoll hits you with a +0 club. The gnoll misses you.
You hit the gnoll but do no damage.
A gnoll comes into view. It is wielding a +0 spear.
The gnoll completely misses you. The gnoll hits you with a +0 club.
You hit the gnoll but do no damage. The gnoll hits you with a +0 club!
The gnoll misses you.
The gnoll hits you from afar with a +0 halberd.
The gnoll closely misses you. The gnoll barely misses you.
You block the gnoll's attack.
You feel very mighty all of a sudden. The gnoll closely misses you.
The gnoll hits you from afar with a +0 spear.
* * * LOW HITPOINT WARNING * * *
The gnoll closely misses you.
You closely miss the gnoll. The gnoll misses you. The gnoll barely misses you.
You block the gnoll's attack.
You hit the gnoll.
You feel better.
The gnoll is moderately wounded.
The gnoll barely misses you. You block the gnoll's attack.
The gnoll barely misses you.
You hit the gnoll but do no damage.
The gnoll is moderately wounded.
The gnoll barely misses you.
The gnoll hits you from afar with a +0 spear.
* * * LOW HITPOINT WARNING * * *
The gnoll hits you from afar with a +0 halberd.
* * * LOW HITPOINT WARNING * * *
You closely miss the gnoll.
The gnoll is moderately wounded.
You block the gnoll's attack. The gnoll misses you.
The gnoll hits you from afar with a +0 halberd!
You die...
Xom guffaws!

#...# #.####.#### #..
##...# #.# #.# #..
#....####.# #.## #..
#.........# #..# #..
#...K###### ###.### #..
#....# #○...☼###..
#....# ###.....##.)#
##..K######...._.....##
#.ggg@.....#.....####
##.g########°...§# #...
###.### ##.#. #..##
#.#.# ##..# #.# #
##.##### #.. #<......
### ########


You could see 4 gnolls and a kobold.

Vanquished Creatures
  Terence (D:2)
  A gnoll (D:1)
  An adder (D:2)
  A worm (D:2)
  A dart slug (D:1)
  An orc (D:3)
  4 bats
  An endoplasm (D:2)
  2 giant cockroaches (D:1)
  6 hobgoblins
  8 jackals (D:1)
  5 kobolds
  2 quokkas
  9 ball pythons
  A frilled lizard (D:2)
  5 goblins
  6 rats
55 creatures vanquished.

Notes
Turn   | Place    | Note
-------+----------+-------------------------------------------
     0 | D:1      | lonewolfV2 the Demonspawn Chaos Knight began the quest for
                  | the Orb.
     0 | D:1      | Reached XP level 1. HP: 18/18 MP: 1/1
    19 | D:1      | XOM: divination: magic mapping
    23 | D:1      | XOM: silly message
    67 | D:1      | Reached skill level 1 in Dodging
    75 | D:1      | XOM: silly message
    83 | D:1      | Gained mutation: A meltable shield of frost defends you.
                  | (SH +4) [demonic ancestry]
    83 | D:1      | Reached XP level 2. HP: 18/24 MP: 2/2
   392 | D:1      | XOM: noise
   488 | D:1      | Reached XP level 3. HP: 6/29 MP: 3/3
  1484 | D:2      | Reached XP level 4. HP: 35/35 MP: 4/4
  1595 | D:2      | Noticed Terence
  1606 | D:2      | XOM: potion effect (might)
  1609 | D:2      | Killed Terence
  1774 | D:2      | XOM: silly message
  1917 | D:3      | Found an ancient bone altar of Kikubaaqudgha.
  1961 | D:3      | XOM: divination: magic mapping
  2046 | D:3      | XOM: scenery: 1 doors open, 1 doors close
  2255 | D:3      | Slain by a gnoll

Illustrated notes

Levels and vault maps discovered:
D:1:      dpeg_arrival_subterranean_lakeside_camping, layout_basic,
          nicolae_grassy_gnolls
D:2:      layout_basic, uniq_terence
D:3:      layout_basic, nicolae_kikubaaqudgha_miasma_corner,
          hellmonk_ecumenical_altar_zigzags, moated_statue, uniq_robin

Skill      XL: |  1  2  3  4 |
---------------+-------------+-----
Dodging        | 1 2 |  2.1
Armour         | 2 |  2.6
Axes           | 3 |  3.3
Fighting       | |  3.7

Action                     |  1- 3 |  4- 6 || total
---------------------------+-------+-------++-------
  Melee: Hand axe          |   115 |    45 ||   160
         Punch             |     1 |     1 ||     2
    Use: Scroll            |     5 |       ||     5
         Potion            |       |     1 ||     1
   Stab: Paralysed         |       |     3 ||     3
 Armour: Leather armour    |    46 |     7 ||    53
  Dodge: Dodged            |    84 |    41 ||   125
  Block: Other             |    25 |     8 ||    33
